 Dungeon Crawl Stone Soup version 0.32-a0-131-g9dbbe29261 (webtiles) character file.

Game seed: 15022230936286614161

3610 sanka the Nimble (level 10, -7/72 (74) HPs)
             Began as a Merfolk Alchemist on Feb 8, 2024.
             Was a Priest of Vehumet.
             Mangled by a centaur warrior (10 damage)
             ... on level 8 of the Dungeon.
             The game lasted 00:20:51 (9279 turns).

sanka the Nimble (Merfolk Alchemist)                Turns: 9279, Time: 00:20:52

HP:   -7/72 (74)    AC: 10    Str:  9    XL:     10   Next: 11%
MP:   8/16          EV: 22    Int: 19    God:    Vehumet [***...]
Gold: 1322          SH:  0    Dex: 21    Spells: 6/17 levels left

rFire   . . .        f - +0 long sword
rCold   . . .        (no shield)
rNeg    + . .        B - +3 ring mail "Ojil Qif" {rN+ Dex+2}
rPois   .            (no helmet)
rElec   .            (no cloak)
rCorr   +            l - +0 pair of gloves
SInv    .            j - +0 pair of boots
Will    .....        n - amulet of magic regeneration
Stlth   ++           h - ring of the Narrow Breadfruit {rCorr EV+5 Int+3 Dex+2}
HPRegen 0.32/turn    (no ring)
MPRegen 0.55/turn

%: no passive effects
@: very slightly contaminated, lightly drained
A: (nimble swimmer 2), mertail
a: Renounce Religion


You were on level 8 of the Dungeon.
You worshipped Vehumet.
Vehumet was most pleased with you.
You visited 1 branch of the dungeon, and saw 8 of its levels.
You also visited: Sewer.

You collected 1322 gold pieces.


Innate Abilities, Weirdness & Mutations

((You are very nimble when in or above water. (Stealth+, EV+, Speed+++)))
Your lower body shifts to a powerful aquatic tail in water.


   Skills:
 - Level 5.0 Fighting
 + Level 12.2 Dodging
 - Level 2.1 Stealth
 - Level 4.0 Spellcasting
 - Level 1.0 Conjurations
 - Level 1.0 Fire Magic
 - Level 12.0 Alchemy


You had 6 spell levels left.
You knew the following spells:

 Your Spells              Type           Power      Damage    Failure   Level
x - Sticky Flame          Fire/Alch      28%        2d7       7%          4
y - Mercury Vapours       Alch/Air       52%        N/A       1%          2
z - Sting                 Conj/Alch      100%       1d9       1%          1
X - Olgreb's Toxic Radia  Alch           49%        N/A       1%          4

Your spell library contained the following spells:

 Spells                   Type           Power      Damage    Failure   Level
 Iskenderun's Mystic Bla  Conj/Tloc      5%         2d3       58%         4
 Mephitic Cloud           Conj/Alch/Air  20%        N/A       5%          3
 Freeze                   Ice            12%        1d3       11%         1
 Hailstorm                Conj/Ice       5%         3d5       24%         3
 Frozen Ramparts          Ice            6%         1d1       28%         3
 Slow                     Hex            12%        N/A       36%         1
 Summon Small Mammal      Summ           12%        N/A       36%         1
 Call Canine Familiar     Summ           3%         N/A       75%         3
 Confusing Touch          Hex            3%         N/A       75%         3
 Sigil of Binding         Hex            3%         N/A       75%         3
 Summon Ice Beast         Ice/Summ       3%         N/A       75%         3
 Vampiric Draining        Necr           3%         2d6       75%         3
 Freezing Cloud           Conj/Ice/Air   2%         6-21      90%         5
 Summon Blazeheart Golem  Fire/Summ      5%         N/A       97%         4
 Sculpt Simulacrum        Ice/Alch       13%        N/A       99%         6

Inventory:

Hand Weapons
 f - a +0 long sword (weapon)
Missiles
 t - a throwing net {=f}
 H - a curare-tipped dart {=f}
Armour
 a - a +0 robe
 j - a +0 pair of boots (worn)
 l - a +0 pair of gloves (worn)
 B - the +3 ring mail "Ojil Qif" (worn) {rN+ Dex+2}

   Dex+2:     It affects your dexterity (+2).
   rN+:       It protects you from negative energy.
Jewellery
 h - the ring of the Narrow Breadfruit (left hand) {rCorr EV+5 Int+3 Dex+2}

   [ring of evasion]

   EV+5:      It affects your evasion (+5).
   Int+3:     It affects your intelligence (+3).
   Dex+2:     It affects your dexterity (+2).
   rCorr:     It protects you from acid and corrosion.
 n - an amulet of magic regeneration (around neck)
Wands
 o - a wand of iceblast (16)
 y - a wand of flame (7)
Scrolls
 c - 3 scrolls of amnesia
 d - 3 scrolls of fog
 i - 2 scrolls of poison {!r}
 p - 2 scrolls of vulnerability {!r}
 q - 3 scrolls of teleportation {@r4}
 u - a scroll of noise {!r}
 v - 3 scrolls of blinking
 x - 2 scrolls of enchant armour
 A - a scroll of revelation {unknown}
 G - a scroll of enchant weapon
 I - a scroll of immolation {!r}
 J - a scroll of brand weapon
 K - a scroll of fear {unknown}
Potions
 b - a potion of magic
 e - a potion of mutation {unknown}
 g - 2 potions of curing {unknown}
 k - 3 potions of might {unknown}
 m - 4 potions of degeneration {!q}
 r - 6 potions of haste {unknown}
 s - 3 potions of enlightenment
 w - 2 potions of brilliance {unknown}
 z - a potion of berserk rage {unknown}
 C - 2 potions of resistance {unknown}
 D - a potion of attraction {unknown}
 E - a potion of ambrosia {unknown}
 F - a potion of heal wounds {unknown}

Dungeon Overview and Level Annotations

Branches:
Dungeon (8/15)             Temple (0/1) D:7           Sewer (visited)
   Lair: D:8-11

Altars:
Elyvilon
Kikubaaqudgha
Makhleb
Qazlal
Trog
Vehumet

Shops:
D:1 *

Annotations:
D:5 2 runed translucent doors, Menkaure; lDtest's ghost, novice OnFE

▒.▒▒▒.▒▒▒▒▒▒▒
▒..▒▒.▒♣♣.♣♣ .♣
▒.▒>..▒♣...♣▒
♣♣♣♣♣.♣
▒▒.....▒.....▒
......
▒▒......▒.....▒
.....
▒.......▒.)...▒ ..'▒
▒.......▒.♣♣♣.▒ ..▒
▒.▒.†[..▒♣.♣.♣▒♣♣..▒
▒.▒.▒▒....♣♣♣.z.mK.▒
▒.).▒▒..▒♣.♣.♣▒♣♣c.▒
▒÷.▒▒▒..▒.♣♣♣.▒ ..▒
▒<.▒ ▒..▒.....▒ ..'▒
▒..▒ ▒..▒.....▒
.....
▒..▒▒▒..▒.....▒
......
▒.......▒♣...♣▒
♣♣♣♣♣.♣
▒..▒▒▒▒.▒♣♣.♣♣ .♣
▒..▒ ▒.▒ ▒▒▒


You could see a centaur warrior (very poisoned), a kobold brigand (very
poisoned) and a wight.


Message History

You punch the centaur warrior, but do no damage.
The centaur warrior is heavily wounded.
The centaur warrior looks even sicker.
Your toxic aura wanes.
The centaur warrior burns!
The centaur warrior hits you but does no damage.
The centaur warrior closely misses you.
The wight hits you from afar with a +3 trident!
* * * LOW HITPOINT WARNING * * *
You partially resist.
You feel drained.
* * * LOW HITPOINT WARNING * * *
The kobold brigand throws a poisoned dart.
The poisoned dart closely misses you. The centaur warrior hits you.
* * * LOW HITPOINT WARNING * * *
The centaur warrior kicks you but does no damage.
Unknown command.
Unknown command.
You barely miss the centaur warrior.
The centaur warrior is severely wounded.
The centaur warrior burns!
The centaur warrior burns!
The centaur warrior stops burning.
The centaur warrior hits you!
* * * LOW HITPOINT WARNING * * *
The centaur warrior misses you. The wight barely misses you.
The centaur warrior hits you!
You die...

Action                     |  1- 3 |  4- 6 |  7- 9 | 10-12 || total
---------------------------+-------+-------+-------+-------++-------
  Melee: Unarmed           |    43 |       |       |       ||    43
         Punch             |     3 |     1 |    10 |     1 ||    15
         Long sword        |     8 |    17 |   174 |     5 ||   204
         Tailslap          |       |       |     8 |       ||     8
   Cast: Sting             |    47 |    96 |   130 |     1 ||   274
         Olgreb's Toxic Ra |       |     5 |    36 |     3 ||    44
         Mercury Vapours   |       |     2 |     3 |       ||     5
         Sticky Flame      |       |       |     3 |     2 ||     5
  Evoke: Wand              |       |       |     3 |       ||     3
    Use: Scroll            |       |       |    14 |       ||    14
   Stab: Sleeping          |       |     1 |     4 |       ||     5
 Armour: Robe              |    45 |    33 |    17 |       ||    95
         Ring mail         |       |       |   129 |    19 ||   148
  Dodge: Dodged            |    49 |    40 |   195 |    15 ||   299

Levels and vault maps discovered:
D:1:      amcnicky_arrival_flooded_fountain, layout_basic, serial_shops, shop
D:2:      layout_loops_cross, basic_altar, amethyst_killhole, minmay_vboxes
D:3:      layout_basic, minmay_quantized, uniq_terence
D:4:      layout_loops_ring, nicolae_overflow_quartered_altars
D:5:      layout_loops_cross, ebering_ghost_sewer_f, uniq_menkaure, uniq_ijyb,
          uniq_sigmund
D:6:      layout_basic, general_overflow_altar, lightli_sewer_entry_pipes
D:7:      layout_cave_pods, minmay_temple_entry_proselytizer
D:8:      nzn_winding_woodlands_cross [nzn_winding_woodlands_5x15_parted,
          nzn_winding_woodlands_5x15_longhouse, nzn_winding_woodlands_5x15_pool,
          nzn_winding_woodlands_5x15_lazy_stream,
          nzn_winding_woodlands_15x15_killbox], layout_loops_ring,
          regret_index_temple_of_mockery

Notes
Turn   | Place    | Note
-------+----------+-------------------------------------------
     0 | D:1      | sanka the Merfolk Alchemist began the quest for the Orb.
     0 | D:1      | Reached XP level 1. HP: 13/13 MP: 3/3
    16 | D:1      | Reached skill level 1 in Conjurations
   236 | D:1      | Reached XP level 2. HP: 19/19 MP: 1/5
   387 | D:1      | Reached skill level 5 in Alchemy
   556 | D:1      | Reached XP level 3. HP: 18/24 MP: 2/6
   618 | D:1      | Found Reuteegh's Assorted Antiques.
   982 | D:2      | Found a radiant altar of Vehumet.
   989 | D:2      | Reached skill level 6 in Alchemy
  1275 | D:2      | Reached XP level 4. HP: 25/30 MP: 4/7
  1415 | D:2      | Learned a level 2 spell: Mercury Vapours
  1420 | D:2      | Learned a level 4 spell: Olgreb's Toxic Radiance
  1625 | D:2      | Became a worshipper of Vehumet
  1913 | D:2      | Reached skill level 7 in Alchemy
  1978 | D:2      | Reached XP level 5. HP: 15/35 MP: 1/8
  2393 | D:3      | Noticed Terence
  2404 | D:3      | Killed Terence
  3038 | D:4      | Reached skill level 8 in Alchemy
  3149 | D:4      | Found a burning altar of Makhleb.
  3163 | D:4      | Found a bloodstained altar of Trog.
  3262 | D:4      | Reached * piety under Vehumet
  3262 | D:4      | Offered knowledge of Kiss of Death by Vehumet.
  3273 | D:4      | Found an ancient bone altar of Kikubaaqudgha.
  3314 | D:4      | Found a white marble altar of Elyvilon.
  3719 | D:4      | Reached XP level 6. HP: 41/41 MP: 4/9
  4183 | D:4      | Found an ancient bone altar of Kikubaaqudgha.
  4202 | D:4      | Found a white marble altar of Elyvilon.
  4250 | D:4      | Found a burning altar of Makhleb.
  4261 | D:4      | Found a bloodstained altar of Trog.
  4542 | D:5      | Entered Level 5 of the Dungeon
  4545 | D:5      | Noticed Sigmund
  4552 | D:5      | Killed Sigmund
  4553 | D:5      | Reached skill level 9 in Alchemy
  4781 | D:5      | Reached skill level 10 in Alchemy
  4781 | D:5      | Reached XP level 7. HP: 46/46 MP: 4/10
  4786 | D:5      | Reached skill level 3 in Dodging
  5221 | D:5      | Noticed Ijyb
  5226 | D:5      | Killed Ijyb
  5497 | D:5      | Found a runed translucent door.
  5498 | D:5      | Noticed lDtest's ghost (novice OnFE)
  5642 | D:5      | Found a runed translucent door.
  5652 | D:5      | Reached skill level 3 in Spellcasting
  5725 | D:5      | Noticed Menkaure
  6145 | D:6      | Identified the +3 ring mail "Ojil Qif" {rN+ Dex+2}
  6228 | D:6      | Found a stormy altar of Qazlal.
  6290 | D:6      | Reached XP level 8. HP: 53/53 MP: 5/13
  6294 | D:6      | Reached skill level 11 in Alchemy
  6452 | D:6      | Found a glowing drain.
  6491 | Sewer    | Entered a sewer
  6536 | Sewer    | Offered knowledge of Static Discharge by Vehumet.
  6576 | Sewer    | Reached ** piety under Vehumet
  6800 | Sewer    | Reached skill level 4 in Spellcasting
  7301 | D:6      | Reached skill level 12 in Alchemy
  7301 | D:6      | Reached skill level 1 in Fighting
  7437 | D:6      | Reached skill level 2 in Fighting
  7483 | D:6      | Reached skill level 4 in Dodging
  7619 | D:7      | Found a staircase to the Ecumenical Temple.
  7730 | D:7      | Offered knowledge of Dazzling Flash by Vehumet.
  7839 | D:7      | Reached skill level 3 in Fighting
  7916 | D:7      | Reached skill level 5 in Dodging
  8226 | D:7      | Noticed a yak
  8226 | D:7      | Noticed a yak
  8227 | D:7      | Noticed a yak
  8248 | D:7      | Killed a yak
  8249 | D:7      | Reached skill level 4 in Fighting
  8249 | D:7      | Reached skill level 6 in Dodging
  8249 | D:7      | Reached XP level 9. HP: 14/66 MP: 11/15
  8259 | D:7      | Reached skill level 5 in Fighting
  8297 | D:7      | Reached *** piety under Vehumet
  8298 | D:7      | Reached skill level 7 in Dodging
  8425 | D:7      | Learned a level 4 spell: Sticky Flame
  8725 | D:7      | Reached skill level 1 in Fire Magic
  8815 | D:8      | Identified 2 scrolls of acquirement
  8820 | D:8      | Acquired 783 gold pieces
  8822 | D:8      | Acquired the ring of the Narrow Breadfruit {rCorr EV+5
                  | Int+3 Dex+2}
  8844 | D:8      | Reached skill level 8 in Dodging
  8916 | D:8      | Reached skill level 9 in Dodging
  8937 | D:8      | Noticed a manticore
  8964 | D:8      | Killed a manticore
  8965 | D:8      | Reached skill level 10 in Dodging
  9153 | D:8      | Noticed a troll
  9214 | D:8      | Noticed a meliai
  9216 | D:8      | Killed a meliai
  9217 | D:8      | Reached skill level 11 in Dodging
  9217 | D:8      | Reached XP level 10. HP: 74/74 MP: 12/16
  9243 | D:8      | Offered knowledge of Iskenderun's Mystic Blast by Vehumet.
  9244 | D:8      | Reached skill level 12 in Dodging
  9271 | D:8      | Noticed a centaur warrior
  9279 | D:8      | HP: 3/72 [centaur warrior (11)]
  9279 | D:8      | Mangled by a centaur warrior

Vanquished Creatures
  A manticore (D:8)
  A meliai (shapeshifter) (D:8)
  A troll (D:8)
  Sigmund (D:5)
  3 yaks (D:7)
  A black bear (D:6)
  An ice beast (D:7)
  2 orc warriors
  2 ogres
  2 kobold brigands
  A brain worm (Sewer)
  A bullfrog (D:8)
  2 wights (D:8)
  3 howler monkeys
  2 bombardier beetles
  4 hounds
  A gnoll bouda (D:7)
  A jelly (D:6)
  2 orc priests (D:7)
  3 sleepcaps
  Ijyb (D:5)
  Terence (D:3)
  5 orc wizards
  4 river rats
  17 adders
  13 gnolls
  A shadow imp (D:7)
  3 white imps
  6 ufetubi
  4 dart slugs
  4 ribbon worms
  12 orcs
  9 ball pythons
  3 endoplasms
  4 giant cockroaches
  11 goblins
  4 hobgoblins
  2 jackals (D:1)
  11 kobolds
  7 quokkas
  17 bats
  8 frilled lizards
  12 rats
194 creatures vanquished.
